 Dungeon Crawl Stone Soup version 0.24.1-14-gf8d2b509d9 (webtiles) character file.

Game seed: 16391385462996797015, levelgen mode: deterministic

258 Descartes the Charmwright (level 6, 0/48 HPs)
             Began as a Formicid Skald on May 24, 2020.
             Succumbed to Crazy Yiuf's poison
             ... on level 2 of the Dungeon.
             The game lasted 00:05:27 (3726 turns).

Descartes the Charmwright (Formicid Skald)          Turns: 3726, Time: 00:05:27

Health: 0/48       AC:  6    Str: 16    XL:     6   Next: 40%
Magic:  10/11      EV:  7    Int: 14    God:
Gold:   97         SH:  7    Dex: 10    Spells: 6/12 levels left

rFire    . . .     SeeInvis +   n - +2 dagger (flame)
rCold    . . .     Gourm    .   t - +0 shield
rNeg     . . .     Faith    .   l - +0 scale mail
rPois    .         Spirit   .   (helmet unavailable)
rElec    .         Reflect  .   (no cloak)
rCorr    .         Harm     .   (no gloves)
MR       .....                  (no boots)
Stlth    ..........             (no amulet)
HPRegen  0.16/turn              (no ring)
MPRegen  0.12/turn              (no ring)

@: lethally poisoned (0 -> -14), very slightly contaminated
A: permanent stasis, dig shafts and tunnels, four strong arms, antennae 3
a: Dig, Shaft Self


You were on level 2 of the Dungeon.
You were hungry.

You visited 1 branch of the dungeon, and saw 2 of its levels.

You collected 97 gold pieces.

Inventory:

Hand Weapons
 a - a +0 falchion
 n - a +2 dagger of flaming (weapon)
Missiles
 c - 75 stones (quivered)
 h - 32 poisoned darts
 o - 7 javelins
 u - 22 arrows
Armour
 b - a +0 leather armour
 l - a +0 scale mail (worn)
 t - a +0 shield (worn)
Scrolls
 i - 2 scrolls of enchant armour {unknown}
 j - 3 scrolls of remove curse {unknown}
 q - a scroll of identify {unknown}
 s - a scroll of amnesia {unknown}
Potions
 e - 2 potions of ambrosia {unknown}
 f - 2 potions of haste {unknown}
 g - a potion of brilliance {unknown}
 k - a potion of lignification {unknown}
 m - a potion of agility {unknown}
 r - a potion of cancellation {unknown}
Comestibles
 d - 4 rations


   Skills:
 - Level 3.6 Fighting
 - Level 2.0 Long Blades
 - Level 3.0 Armour
 - Level 1.7 Dodging
 + Level 0.4 Shields
 + Level 3.5 Spellcasting
 - Level 4.0 Charms
 - Level 1.7 Necromancy


You had 6 spell levels left.
You knew the following spells:

 Your Spells              Type           Power        Failure   Level  Hunger
a - Infusion              Chrm           ##..         65%         1    #......
b - Song of Slaying       Chrm           ##......     78%         2    ##.....
c - Regeneration          Chrm/Necr      ##........   99%         3    ###....

Your spell library contained the following spells:

 Spells                   Type           Power        Failure   Level  Hunger
 Shroud of Golubria       Chrm/Tloc      #.....       97%         2    ##.....
 Spectral Weapon          Hex/Chrm       #.......     99%         3    ###....


Dungeon Overview and Level Annotations

Branches:
Dungeon (2/15)

Altars:

Annotations:
D:2 Crazy Yiuf


Innate Abilities, Weirdness & Mutations

You cannot be hasted, slowed, berserked, paralysed or teleported.
You can dig through walls and to a lower floor.
Your four strong arms can wield two-handed weapons with a shield.
You have a pair of large antennae on your head. (SInv)


Message History

You hit Crazy Yiuf. You burn Crazy Yiuf.
Crazy Yiuf is severely wounded.
You block Crazy Yiuf's attack.
Your shield prevents you from hitting Crazy Yiuf.
Crazy Yiuf is severely wounded.
Crazy Yiuf grits, "Shadow!"
Crazy Yiuf hits you with a +2 quarterstaff of chaos!
* * * LOW HITPOINT WARNING * * *
You are lethally poisoned!
You hit Crazy Yiuf but do no damage.
Crazy Yiuf is severely wounded.
* * * LOW HITPOINT WARNING * * *
You feel sick. Crazy Yiuf hits you but does no damage.
You hit Crazy Yiuf. You burn Crazy Yiuf.
Crazy Yiuf is almost dead.
* * * LOW HITPOINT WARNING * * *
You feel sick.
Crazy Yiuf whimpers, "Sif Muna!"
Crazy Yiuf hits you but does no damage.
You die...

#.### #######.##
##### #........#
#..)# #######.##
#...# ### ...
#g# ♣♣.♣ ♣@♣♣
♣♣.♣ ###### ♣.♣♣
#..... ♣♣.♣♣
#.#### ♣.PP♣♣
#.# ♣.PPP♣
######.# ##..##
#......#
#....####.######
##........#


You could see Crazy Yiuf.

Vanquished Creatures
  Sigmund (D:2)
  Terence (D:1)
  Jessica (D:2)
  2 adders (D:2)
  A dart slug (D:2)
  2 worms (D:2)
  A leopard gecko (D:1)
  4 bats
  A giant cockroach (D:2)
  6 goblins
  2 hobgoblins (D:2)
  4 jackals (D:1)
  9 frilled lizards
  2 kobolds (D:2)
  A rat (D:2)
38 creatures vanquished.

Notes
Turn   | Place    | Note
-------+----------+-------------------------------------------
     0 | D:1      | Descartes the Formicid Skald began the quest for the Orb.
     0 | D:1      | Reached XP level 1. HP: 16/16 MP: 3/3
   255 | D:1      | Reached XP level 2. HP: 19/23 MP: 5/5
   979 | D:2      | Noticed Terence
  1227 | D:2      | Noticed Jessica
  1233 | D:2      | Killed Jessica
  1233 | D:2      | Reached XP level 3. HP: 27/28 MP: 7/7
  1243 | D:2      | Reached XP level 4. HP: 26/34 MP: 8/8
  1541 | D:2      | Learned a level 2 spell: Song of Slaying
  1545 | D:2      | Learned a level 3 spell: Regeneration
  2195 | D:1      | Killed Terence
  2863 | D:2      | Noticed Sigmund
  2882 | D:2      | Killed Sigmund
  2882 | D:2      | Reached skill level 4 in Charms
  2882 | D:2      | Reached skill level 1 in Necromancy
  2882 | D:2      | Reached XP level 5. HP: 21/41 MP: 3/10
  2882 | D:2      | Reached XP level 6. HP: 25/47 MP: 3/11
  3509 | D:2      | Found a runed translucent door.
  3510 | D:2      | Noticed Crazy Yiuf
  3724 | D:2      | HP: 2/48 [poisoned by Crazy Yiuf]
  3726 | D:2      | Succumbed to Crazy Yiuf's poison

Levels and vault maps discovered:
D:1:      lemuel_arrival_tunnels, layout_loops_ring, minmay_crystal_water,
          minmay_lizard_king
D:2:      layout_loops_ring, uniq_terence, uniq_sigmund,
          uniq_crazy_yiuf_cottage, uniq_jessica

Skill      XL: |  1  2  3  4 |
---------------+-------------+-----
Armour         | 2 3 |  3.0
Fighting       | 3 |  3.6
Spellcasting   | 3 |  3.5
Charms         | 4 |  4.0
Necromancy     | 1 |  1.7
Long Blades    | |  2.0
Dodging        | |  1.7
Shields        | |  0.4

Action                   |  1- 3 |  4- 6 || total
-------------------------+-------+-------++-------
Melee: Falchion          |    58 |    21 ||    79
       Dagger            |       |    90 ||    90
 Cast: Infusion          |       |     2 ||     2
  Eat: Chunk             |       |     5 ||     5
       Ration            |       |     1 ||     1
Armor: Leather armour    |    17 |     4 ||    21
       Scale mail        |       |    22 ||    22
Dodge: Dodged            |    49 |    42 ||    91
Block: Shield            |       |    13 ||    13
       Rpst.: Falchion   |    19 |     2 ||    21
